 Dungeon Crawl Stone Soup version 0.30-a0-373-gd37427bb62 (webtiles) character file.

Game seed: 1906561357741339957

862 Mesmaeker13 the Vexing (level 7, 51/51 HPs)
             Began as a Demonspawn Wanderer on Sept 13, 2022.
             Got out of the dungeon alive.
             The game lasted 00:11:00 (5411 turns).

Mesmaeker13 the Vexing (Demonspawn Wanderer)        Turns: 5411, Time: 00:11:01

Health: 51/51      AC: 10    Str:  9    XL:     7   Next: 72%
Magic:  8/8        EV: 13    Int: 14    God:
Gold:   16         SH:  9    Dex: 17    Spells: 5/8 levels left

rFire   . . .      SeeInvis +    C - +2 scimitar (vorpal)
rCold   . . .      Faith    .    (no shield)
rNeg    . . .      Spirit   .    g - +0 leather armour
rPois   .          Reflect  +    b - +0 helmet
rElec   .          Harm     .    (no cloak)
rCorr   .          Rampage  .    (no gloves)
Will    .....                    (no boots)
Stlth   +++.......               s - amulet of reflection
HPRegen 0.28/turn                m - ring of see invisible
MPRegen 0.11/turn                (no ring)

@: no status effects
A: slimy green scales 1, icemail 1, condensation shield
a: no special abilities


You escaped.
You visited 1 branch of the dungeon, and saw 6 of its levels.

You collected 226 gold pieces.
You spent 210 gold pieces at shops.

Inventory:

Hand Weapons
 h - a +0 dagger of venom
 v - a +1 short sword of draining
 C - a +2 vorpal scimitar (weapon)
Missiles
 j - 4 poisoned darts (quivered)
Armour
 b - a +0 helmet (worn)
 g - a +0 leather armour (worn)
Jewellery
 m - a ring of see invisible (left hand)
 s - an amulet of reflection (around neck)
 y - a ring of fire
Wands
 w - a wand of mindburst (4)
Scrolls
 c - a scroll of teleportation
 i - a scroll of blinking
 l - a scroll of torment {unknown}
 r - a scroll of enchant armour {unknown}
 u - a scroll of butterflies {unknown}
 x - 2 scrolls of magic mapping {unknown}
 A - a scroll of enchant weapon {unknown}
Potions
 d - 2 potions of brilliance
 e - 2 potions of berserk rage
 f - 2 potions of heal wounds
 k - a potion of lignification
 o - 3 potions of curing
 p - a potion of resistance {unknown}
 q - 2 potions of flight {unknown}
 t - 2 potions of haste {unknown}
 z - a potion of mutation {unknown}
 B - 2 potions of attraction {unknown}


   Skills:
 + Level 2.4 Fighting
 + Level 0.0 Long Blades
 - Level 1.7 Staves
 + Level 4.7 Dodging
 - Level 4.5 Stealth
 - Level 1.0 Spellcasting
 - Level 5.6 Hexes
 + Level 2.1 Ice Magic
 - Level 1.2 Invocations


You had 5 spell levels left.
You knew the following spells:

 Your Spells              Type           Power      Damage    Failure   Level
a - Slow                  Hex            64%        N/A       3%          1
b - Ensorcelled Hibernat  Hex/Ice        22%        N/A       12%         2

Your spell library contained the following spells:

 Spells                   Type           Power      Damage    Failure   Level
 Leda's Liquefaction      Hex/Erth       4%         N/A       75%         4


Dungeon Overview and Level Annotations

Branches:
Dungeon (6/15)
 Temple: D:4-7

Altars:

Shops:
D:1 (=[[   D:4 [


Innate Abilities, Weirdness & Mutations

You are partially covered in slimy green scales. (AC +2)
A meltable icy envelope protects you from harm. (AC +4)
A meltable shield of frost defends you. (SH +4)


Message History

There are no items here.
C - a +2 vorpal scimitar Thank you for shopping at Caruy's Antique Weapon Emporium!
You can't go up here!
C - a +2 vorpal scimitar (weapon)
You drop a +0 quarterstaff.
You drop a +0 rapier.
Save game and exit?
Welcome back, Mesmaeker13 the Demonspawn Wanderer.
Press ? for a list of commands and other information.
Cast which spell? (? or * to list)
Okay, then.
Cast which spell? (? or * to list)
Okay, then.
Done exploring.
Things that are here:
a +0 club; a +0 club
There is a stone staircase leading down here.
There is an entrance to Qoacif's Jewellery Shop here.
There is a stone staircase leading down here.
You climb downwards.
There is a stone staircase leading up here.
Okay, then.
Done exploring.
There is a stone staircase leading down here.
You climb downwards.
There is a stone staircase leading up here.
Done exploring.
(D) Dungeon
Where to? (Enter - D:2 @ (x,y), ? - help)
What level of the Dungeon? (default 1, ? - help)
You climb upwards.
There is a stone staircase leading down here.
There is a stone staircase leading up here.
You climb upwards.
There is a stone staircase leading down here.
There is an open door here.
There is a staircase leading out of the dungeon here.
Are you sure you want to leave the Dungeon?
This will make you lose the game!
You have escaped!

..##.........###'###.........#..#
..##.....##..#8...8#..##........(
..##....####.##.#.##.####....#...
.........##..#8.#.8#..##.....#...
#............##.#.##.........#...
#.....########8...8########..#...
#.....#8#8#8#8#...#8#8#8#8#......
#.....#...................#..#...
#.....'.#####...@...#####.'..#...
#.....#...................#.##...
#.....#8#8#8#8#...#8#8#8#8#.##...
#.....########8...8########.##...
.............##.#.##........##...
#........##..#8.#.8#..##.........
........####.##.#.##.####........
.###.....##..#8...8#..##....##...
.............###'###........##.#.


There were no monsters in sight!

Vanquished Creatures
  A water moccasin (D:5)
  A black bear (D:5)
  An ogre (D:5)
  A necrophage (D:5)
  4 scorpions
  An orc priest (D:4)
  4 iguanas
  7 adders
  2 ufetubi (D:4)
  4 worms
  4 dart slugs
  An orc (D:4)
  4 bats
  7 endoplasms
  3 giant cockroaches
  6 goblins
  9 hobgoblins
  5 jackals
  5 kobolds
  2 quokkas
  4 ball pythons
  4 frilled lizards
  2 rats
82 creatures vanquished.

Notes
Turn   | Place    | Note
-------+----------+-------------------------------------------
     0 | D:1      | Mesmaeker13 the Demonspawn Wanderer began the quest for the
                  | Orb.
     0 | D:1      | Mesmaeker13 set off with the following items: a +0
                  | quarterstaff, a +0 helmet, a scroll of teleportation, a +0
                  | robe; and the following spell memorised: Slow; and the
                  | following spells available to memorise: Ensorcelled
                  | Hibernation, Leda's Liquefaction.
     0 | D:1      | Reached XP level 1. HP: 13/13 MP: 2/2
    26 | D:1      | Found Rypox's Armour Emporium.
    49 | D:1      | Found Riskiuhis's Armour Boutique.
   576 | D:1      | Found Qoacif's Jewellery Shop.
   580 | D:1      | Gained mutation: A meltable shield of frost defends you.
                  | (SH +4) [demonic ancestry]
   580 | D:1      | Reached XP level 2. HP: 19/19 MP: 3/3
   661 | D:1      | Found a faded altar of an unknown god.
   862 | D:1      | Found Caruy's Antique Weapon Emporium.
   877 | D:1      | Reached skill level 1 in Stealth
  1331 | D:2      | Reached XP level 3. HP: 20/24 MP: 4/4
  2328 | D:3      | Gained mutation: A meltable icy envelope protects you from
                  | harm. (AC +4) [demonic ancestry]
  2328 | D:3      | Reached XP level 4. HP: 30/30 MP: 5/5
  2348 | D:3      | Learned a level 2 spell: Ensorcelled Hibernation
  3007 | D:3      | You fall into a shaft and drop 3 floors!
  3015 | D:5      | Entered Level 5 of the Dungeon
  3015 | D:5      | Noticed a scorpion
  3025 | D:5      | Noticed a black bear
  3041 | D:5      | Killed a black bear
  3042 | D:5      | Reached skill level 5 in Hexes
  3042 | D:5      | Reached XP level 5. HP: 18/35 MP: 4/6
  3361 | D:5      | Reached XP level 6. HP: 38/41 MP: 3/7
  3684 | D:4      | Found Esoaw's Armour Boutique.
  4026 | D:4      | Reached skill level 1 in Fighting
  4413 | D:4      | Identified the +4 sling "Noblutej" {flame, Int+4}
  4445 | D:4      | Reached skill level 1 in Ice Magic
  4445 | D:4      | Gained mutation: You are partially covered in slimy green
                  | scales. (AC +2) [demonic ancestry]
  4445 | D:4      | Reached XP level 7. HP: 48/48 MP: 6/8
  5246 | D:1      | Bought a glowing scimitar for 210 gold pieces
  5252 | D:1      | Upgraded the game from 0.30-a0-118-ga018f8e90f to
                  | 0.30-a0-373-gd37427bb62
  5411 | D:$      | Got out of the dungeon alive.

Illustrated notes

Levels and vault maps discovered:
D:1:      heliophobic_arrival_ceremonial_halls, layout_basic, serial_shops,
          nicolae_shop_window_shopping, nicolae_shop_advertising_works
          [nicolae_subvault_shop_adworks], shop, shop,
          hellmonk_ecumenical_altar_slurped_away
D:2:      layout_loops_ring, st_stairs_7
D:3:      layout_basic
D:4:      layout_gridville, serial_shops, nicolae_square_shop,
          minmay_misc_feat_more_columns
D:5:      layout_gridville, minmay_ogre_servants
D:6:      layout_gridville, corexii_shack, uniq_pikel, uniq_menkaure,
          uniq_edmund

Skill      XL: |  1  2  3  4  5  6  7 |
---------------+----------------------+-----
Dodging        | 2 3 4 |  4.7
Stealth        | 1 2 3 4 |  4.5
Hexes          | 5 |  5.6
Fighting       | 1 2 |  2.4
Ice Magic      | 1 2 |  2.1
Staves         | |  1.7
Spellcasting   | |  1.0
Invocations    | |  1.2

Action                   |  1- 3 |  4- 6 |  7- 9 || total
-------------------------+-------+-------+-------++-------
Melee: Quarterstaff      |    22 |       |       ||    22
       Dagger            |   116 |   113 |    35 ||   264
       Short sword       |       |    53 |    17 ||    70
       Rapier            |       |    11 |       ||    11
       Punch             |       |       |     2 ||     2
Throw: Throwing net      |       |     1 |       ||     1
       Dart              |       |       |     2 ||     2
 Cast: Slow              |     6 |    16 |    10 ||    32
Evoke: Wand              |       |     4 |       ||     4
  Use: Scroll            |     5 |     3 |       ||     8
 Stab: Sleeping          |     5 |       |       ||     5
Armor: Robe              |     5 |       |       ||     5
       Leather armour    |    17 |    38 |     7 ||    62
Dodge: Dodged            |    73 |   100 |    21 ||   194
Block: Other             |    19 |    81 |    13 ||   113
       Reflection        |       |     1 |       ||     1

Table legend: (Time is in decaauts)
 A = Elapsed time spent in this place.
 B = Non-inter-level travel time spent in this place.
 C = Inter-level travel time spent in this place.
 D = Time resting spent in this place.
 E = Time spent auto-exploring this place.
 F = Levels seen in this place.
 G = Mean time per level.
                   A        B        C        D        E       F      G
               +--------+--------+--------+--------+--------+-----+--------+
         Total |   5421 |   4754 |    667 |   1054 |   2693 |   6 |  903.5 |
       Dungeon |   5421 |   4754 |    667 |   1054 |   2693 |   6 |  903.5 |
               +--------+--------+--------+--------+--------+-----+--------+

Top non-repeatable levels by time:
     D:1: 1343 daAuts
     D:2: 1307 daAuts
     D:4: 1164 daAuts
     D:3: 957 daAuts
     D:5: 639 daAuts
     D:6: 7 daAuts
